 Dungeon Crawl Stone Soup version 0.18-a0-1078-gebb93d0 (webtiles) character file.

128 ater218 the Caller (level 4, -3/24 HPs)
             Began as a Deep Elf Summoner on Jan 14, 2016.
             Slain by a worker ant (6 damage)
             ... on level 4 of the Dungeon.
             The game lasted 00:18:51 (4144 turns).

ater218 the Caller (Deep Elf Summoner)              Turns: 4144, Time: 00:18:51

Health: -3/24      AC:  4    Str:  5    XL:     4   Next: 86%
Magic:  6/13       EV: 13    Int: 21    God:
Gold:   176        SH:  0    Dex: 15    Spells: 3 memorised, 7 levels left

rFire  . . .     SeeInvis .     (no weapon)
rCold  . . .     Gourm    .     a - +0 robe
rNeg   . . .     Faith    .     (no shield)
rPois  .         Spirit   .     (no helmet)
rElec  .         Dismiss  .     (no cloak)
rCorr  .         Reflect  .     l - +1 pair of gloves
SustAt .         Harm     .     (no boots)
MR     .....                    (no amulet)
Stlth  ++........               (no ring)
                                (no ring)

@: not resistant to hostile enchantments, unstealthy
A: no striking features
a: no special abilities


You were on level 4 of the Dungeon.
You were not hungry.

You visited 1 branch of the dungeon, and saw 4 of its levels.

You collected 176 gold pieces.

Inventory:

Armour
 a - a +0 robe (worn)
 l - a +1 pair of gloves (worn)
Wands
 o - a wand of lightning (3/15)
Scrolls
 e - 4 scrolls of identify
 g - a scroll of teleportation
 j - a scroll of fear {unknown}
 k - 2 scrolls of enchant armour
Potions
 d - a potion of lignification {unknown}
 h - a potion of might {unknown}
 i - 2 potions of curing {unknown}
 m - a potion of agility {unknown}
Books
 b - a book of Callings

   Spells                             Type                      Level
   a - Summon Small Mammal            Summoning                    1
   b - Call Imp                       Summoning                    2
   c - Call Canine Familiar           Summoning                    3
   d - Summon Guardian Golem          Hexes/Summoning              3
   e - Summon Lightning Spire         Summoning/Air                4
   f - Summon Ice Beast               Ice/Summoning                4
Comestibles
 c - 2 bread rations
 f - a meat ration
 n - a fruit


   Skills:
 + Level 2.7 Dodging
 - Level 2.4 Stealth
 * Level 5.1 Spellcasting
 * Level 5.7 Summonings


You had 7 spell levels left.
You knew the following spells:

 Your Spells              Type           Power        Failure   Level  Hunger
a - Summon Small Mammal   Summ           ####         1%          1    None
b - Call Imp              Summ           ####....     1%          2    None
c - Summon Guardian Gole  Hex/Summ       ###.....     12%         3    ##.....


Dungeon Overview and Level Annotations

Branches:
Dungeon (4/15)
 Temple: D:4-7

Altars:
Gozag
Kikubaaqudgha
Qazlal
Trog
Xom


Message History

The phantom closely misses you.
Your white imp gestures at the phantom.
The puff of frost hits the phantom.
The phantom completely resists.
Your white imp disappears in a puff of smoke!
As you read the scroll of teleportation, it crumbles to dust.
You feel strangely unstable. The phantom hits you.
* * * LOW HITPOINT WARNING * * *
The phantom blinks!
Your surroundings suddenly seem different.
The worker ant closely misses you.
A worker ant comes into view.
Casting: Call Imp
Confirm with . or Enter, or press ? or * to list all spells.
A shadowy apparition takes form in the air.
The worker ant bites you but does no damage.
Casting: Call Imp
Confirm with . or Enter, or press ? or * to list all spells.
A beastly little devil appears in a puff of frigid air.
The worker ant bites you.
You die...

.......# #+.≈≈≈≈._§
.........5#W# ....≈§§>§
..........#.# ....≈§≈≈≈
.........##.. ....≈≈§§≈
.........# #.##
....§≈≈≈
.........###..#
..≈..≈≈≈ ............#
....... #..........#
#.#... #.....@....#
###..... #...55.a...#
...#... #..........#
#.#... #..........#
#..... #..........#
###...## #..........#
..#....... #..........'
........##
#..........#...........
..........


You could see a worker ant, a friendly white imp and 2 friendly shadow imps.

Vanquished Creatures
  A quokka (D:4)
1 creature vanquished.

Vanquished Creatures (collateral kills)
  The ghost of furman the Insei, an amateur OpTm (D:3)
  3 adders
  2 worms
  2 giant geckos
  4 orcs (D:3)
  A ball python (D:3)
  6 bats
  5 giant cockroaches
  8 goblins
  18 hobgoblins
  13 kobolds
  A quokka (D:2)
  5 giant newts
  4 rats
73 creatures vanquished.

Grand Total: 74 creatures vanquished

Notes
Turn   | Place    | Note
--------------------------------------------------------------
     0 | D:1      | ater218 the Deep Elf Summoner began the quest for the Orb.
     0 | D:1      | Reached XP level 1. HP: 10/10 MP: 6/6
   107 | D:1      | Reached XP level 2. HP: 15/15 MP: 1/8
   790 | D:2      | Found a shimmering altar of Xom.
  1275 | D:2      | Reached skill level 5 in Summonings
  1437 | D:2      | Reached XP level 3. HP: 19/19 MP: 5/10
  1455 | D:2      | Learned a level 2 spell: Call Imp
  1459 | D:2      | Learned a level 3 spell: Summon Guardian Golem
  2055 | D:3      | Noticed furman's ghost (amateur OpTm)
  2072 | D:3      | Killed furman's ghost
  2072 | D:3      | Reached XP level 4. HP: 24/24 MP: 4/12
  2415 | D:3      | Reached skill level 5 in Spellcasting
  2969 | D:3      | Found an ancient bone altar of Kikubaaqudgha.
  3375 | D:3      | Found an opulent altar of Gozag.
  3378 | D:3      | Found a bloodstained altar of Trog.
  3380 | D:3      | Found a stormy altar of Qazlal.
  3789 | D:4      | Found a stormy altar of Qazlal.
  4105 | D:4      | Noticed a phantom
  4144 | D:4      | Slain by a worker ant

Vault maps used:
D:1:      minmay_arrival_stair_chambers, serial_forest,
          infiniplex_forest_lined_3, infiniplex_forest_straight_1,
          infiniplex_forest_lined_3, infiniplex_forest_lined_ring,
          infiniplex_forest_clump_C, infiniplex_forest_lined_4_way,
          infiniplex_forest_lined_room_2
D:2:      xom_teletrap_fun, first_bread
D:3:      minitemple, kennysheep_generic_room_5
D:4:      nicolae_qazlal_general_emergency

Action                   |  1- 3 |  4- 6 || total
-------------------------+-------+-------++-------
Melee: Unarmed           |     5 |     7 ||    12
 Cast: Summon Small Mamm |    68 |       ||    68
       Call Imp          |     9 |    38 ||    47
       Summon Guardian G |     1 |       ||     1
  Use: Scroll            |       |     6 ||     6
  Eat: Chunk             |     3 |     3 ||     6
       Bread ration      |       |     1 ||     1
